 Dungeon Crawl Stone Soup version 0.31-a0-38-g1548c4f2a5 (console) character file.

Game seed: 14476435057574016116

10087 petzl the Covert (level 11, -9/82 HPs)
             Began as a Formicid Delver on May 16, 2023.
             Was a Priest of Vehumet.
             Mangled by a salamander
             ... wielding a +2 great sword of flaming
              (14 damage)
             ... in a volcano.
             The game lasted 00:59:29 (12203 turns).

petzl the Covert (Formicid Delver)                 Turns: 12203, Time: 00:59:30

Health: -9/82      AC:  8    Str: 18    XL:     11   Next: 86%
Magic:  11/21      EV: 16    Int: 13    God:    Vehumet [***...]
Gold:   396        SH:  0    Dex: 18    Spells: 11/24 levels left

rFire   . . .        b - +2 hand axe (venom) {!f =f}
rCold   . . .        (no shield)
rNeg    . . .        x - +0 ring mail
rPois   .            (helmet unavailable)
rElec   .            K - +0 cloak
rCorr   .            m - +0 pair of gloves {Dex+3}
SInv    +            T - +0 pair of boots
Will    ++...        p - amulet of the acrobat
Stlth   ++++         h - +5 ring of evasion
HPRegen 0.33/turn    G - ring of willpower
MPRegen 0.17/turn

%: acrobat
@: no status effects
A: permanent stasis, dig shafts and tunnels, antennae 3, four strong arms
a: Dig, Renounce Religion


You were in a volcano.
You worshipped Vehumet.
Vehumet was most pleased with you.
You visited 3 branches of the dungeon, and saw 13 of its levels.
You also visited: Volcano.

You collected 676 gold pieces.
You spent 280 gold pieces at shops.

Inventory:

Hand Weapons
 a - a +0 shortbow of flaming
 b - a +2 hand axe of venom (weapon) {!f =f}
 c - a +0 rapier
 e - a +1 dire flail of holy wrath
 j - a +0 shortbow
 D - a +0 quarterstaff
 O - a +0 trident of venom
 R - a +1 whip of electrocution
Missiles
 n - 10 boomerangs
 v - 18 poisoned darts
 Q - 2 boomerangs of dispersal
Armour
 m - a +0 pair of gloves of dexterity (worn)
 x - a +0 ring mail (worn)
 K - a +0 cloak (worn)
 T - a +0 pair of boots (worn)
 U - a +4 plate armour of fire resistance
Jewellery
 h - a +5 ring of evasion (left hand)
 k - an amulet of regeneration
 p - an amulet of the acrobat (around neck)
 G - a ring of willpower (right hand)
Wands
 f - a wand of digging (17)
 y - a wand of mindburst (18)
 I - a wand of flame (11)
 N - a wand of iceblast (7)
Scrolls
 d - 4 scrolls of magic mapping
 g - 5 scrolls of vulnerability
 o - 4 scrolls of enchant armour
 r - a scroll of poison
 w - 3 scrolls of immolation
 z - a scroll of summoning
 A - 3 scrolls of fog
 B - a scroll of enchant weapon {unknown}
 C - a scroll of brand weapon {unknown}
 E - 3 scrolls of fear
 P - 2 scrolls of amnesia {unknown}
 S - 2 scrolls of torment
Potions
 i - 3 potions of lignification {unknown}
 l - 2 potions of heal wounds
 q - a potion of resistance {unknown}
 s - a potion of magic {unknown}
 t - a potion of mutation {unknown}
 u - 4 potions of haste {unknown}
 F - a potion of cancellation {unknown}
 H - 2 potions of might {unknown}
 J - 2 potions of brilliance {unknown}
 L - a potion of attraction {unknown}
 M - a potion of flight {unknown}


   Skills:
 + Level 6.3 Fighting
 - Level 2.0(2.2) Maces & Flails
 - Level 1.4(2.0) Staves
 - Level 3.0 Ranged Weapons
 - Level 1.7 Dodging
 + Level 8.7 Stealth
 + Level 7.0 Spellcasting
 * Level 7.2 Conjurations
 * Level 7.8 Ice Magic
 * Level 6.1 Air Magic
 + Level 6.1 Poison Magic
 - Level 2.0 Evocations


You had 11 spell levels left.
You knew the following spells:

 Your Spells              Type           Power      Damage    Failure   Level
a - Poisonous Vapours     Pois/Air       40%        N/A       1%          2
l - Freezing Cloud        Conj/Ice/Air   11%        6-21      11%         5
m - Mephitic Cloud        Conj/Pois/Air  21%        N/A       1%          3
A - Ozocubu's Armour      Ice            25%        N/A       3%          3

Your spell library contained the following spells:

 Spells                   Type           Power      Damage    Failure   Level
 Volatile Blastmotes      Fire/Tloc      8%         2d10      21%         3
 Cigotuvi's Dreadful Rot  Necr/Pois/Air  30%        N/A       8%          2
 Ensorcelled Hibernation  Hex/Ice        28%        N/A       9%          2
 Passwall                 Tmut/Erth      3%         N/A       38%         2
 Sublimation of Blood     Necr           4%         N/A       38%         2
 Summon Lightning Spire   Summ/Air       12%        N/A       61%         4
 Lee's Rapid Deconstruct  Erth           2%         3d4*      85%         5
 Plasma Beam              Fire/Air       6%         2x1d18    94%         6
 Leda's Liquefaction      Hex/Erth       2%         N/A       95%         4
 Swiftness                Air            Unusable   N/A       N/A         3

Dungeon Overview and Level Annotations

Branches:
Dungeon (11/15)            Temple (1/1) D:4            Lair (1/5) D:9
Volcano (1/1)
    Orc: D:9-12

Altars:
Ashenzari
Cheibriados
Dithmenos
Elyvilon
Fedhas
Gozag
Hepliaklqana
Kikubaaqudgha
Makhleb
Nemelex Xobeh
Okawaru
Qazlal
Ru
Sif Muna
Trog
Vehumet
Xom
Yredelemnul
Zin
The Shining One

Shops:
D:4 :

Portals:
Trove: D:10 (show abyssal rune of Zot)

Annotations:
D:4 exclusion: 2 downstairs
D:5 exclusion: 2 downstairs, Grinder, Menkaure
D:6 exclusion: downstairs
D:7 Prince Ribbit
D:8 2 transporters, exclusion: two-headed ogre, Amaemon
D:9 exclusion: 3 downstairs
D:10 exclusions: skeletal warrior and vampire


Innate Abilities, Weirdness & Mutations

You cannot be hasted, slowed, berserked, paralysed or teleported.
You can dig through walls and to a lower floor.
You have a pair of large antennae on your head. (SInv)
Your four strong arms can wield two-handed weapons with a shield.


Message History

Unknown command.
Unknown command.
You shoot an arrow. The arrow hits the ogre!
The arrow burns the ogre.
The ogre is severely wounded.
The ogre is engulfed in freezing vapours.
You kill the ogre!
Vehumet accepts your kill.
You feel your power returning.
Unknown command.
You start resting.
A salamander is nearby!
Casting: Mephitic Cloud (safe; 1% risk of failure)
Confirm with . or Enter, or press ? or * to list all spells.
Aiming: Freezing Cloud (dangerous; 11% risk of failure)
Press: ? - help, Dir - move target, f - salamander
Aim: a salamander, wielding a +2 great sword of flaming and wearing a +3 scale mail of fire resistance (wandering, hasn't noticed you)
The salamander is engulfed in freezing vapours.
You shoot an arrow.
The arrow hits the salamander but does no damage.
The salamander is moderately wounded.
The salamander is engulfed in freezing vapours.
Your +0 shortbow of flaming stops flaming.
Your +2 hand axe of venom {!f =f} begins to drip with poison!
b - a +2 hand axe of venom (weapon)
{!f =f} The salamander hits you with a +2 great sword of flaming!
You are engulfed in flames!
The salamander burns you.
You slash the salamander!
The salamander is poisoned.
The salamander is severely wounded.
The salamander is engulfed in freezing vapours.
The salamander hits you with a +2 great sword of flaming!
You are engulfed in flames!
* * * LOW HITPOINT WARNING * * *
The salamander burns you.
* * * LOW HITPOINT WARNING * * *
You hit the salamander.
The salamander is severely wounded.
The salamander hits you with a +2 great sword of flaming!
* * * LOW HITPOINT WARNING * * *
You are engulfed in flames!
You die...

§§≈§≈P §≈§≈≈ ≈§≈≈♣♣ {
##≈○≈ §§≈≈♣♣ ♣ ##≈§°§§
§○≈≈♣♣♣♣♣♣ ##≈≈§≈§
♣♣♣♣≈§§§≈§≈≈§
#≈≈°≈≈≈♣♣♣♣♣..♣♣§§§≈≈§§§
##≈≈§§≈♣..)♣.....§§♣≈≈§○≈
#≈°≈§§P.....P♣...♣.♣♣§≈§§
##°○§§♣.P.♣........÷.♣.P♣§
#≈≈≈≈≈.......♣♣♣...♣..§§..
#≈§§≈....♣....§§≈≈§♣......
#§§≈§.....§☼.§≈°≈≈≈≈§.....
#≈≈°≈P.....☼°§§≈≈≈≈≈≈≈§§♣.
#§○≈≈§..♣☼§§≈≈≈○♣♣♣♣≈≈≈≈≈≈
#≈≈≈≈§♣..N♣♣≈§§♣♣..♣♣♣♣§≈≈
#≈≈°§§♣.@♣♣♣♣♣♣♣.P....♣♣♣♣
##≈≈≈≈♣♣....♣......P♣..♣P♣
##≈°§§♣♣.........♣♣♣♣♣..♣
##§§≈ ♣♣♣♣♣.♣♣♣♣♣ ♣... ♣♣♣
♣♣.♣ ♣.. ♣♣) #♣.. ##...
#..∩. #..∩. #.... #####


You could see a salamander (very poisoned).

Vanquished Creatures
  A two-headed ogre (Volcano)
  2 salamanders (Volcano)
  A cane toad (Lair:1)
  5 komodo dragons
  4 hornets
  A shadow (D:11)
  5 wyverns
  6 fire bats
  10 yaks
  4 steam dragons
  Edmund (D:4)
  A water moccasin (D:8)
  2 ice beasts (D:7)
  An orc warrior (D:9)
  A sky beast (D:6)
  An ogre (Volcano)
  3 black bears
  2 centaurs
  3 kobold brigands
  A phantom (D:5)
  3 bullfrogs
  A gnoll sergeant (D:5)
  6 scorpions
  4 wights (D:8)
  A howler monkey (D:6)
  An orc priest (D:9)
  A hound (D:6)
  2 jellies (D:6)
  An iron imp (D:5)
  A sleepcap (D:4)
  3 iguanas (D:5)
  4 orc wizards
  5 gnolls (D:5)
  9 river rats (D:6)
  7 adders
  2 shadow imps
  A white imp (D:8)
  An ufetubus (D:5)
  A worm (D:2)
  A dart slug (D:4)
  15 orcs
  8 endoplasms
  2 giant cockroaches
  7 hobgoblins
  5 quokkas
  6 ball pythons
  6 bats
  3 frilled lizards
  4 goblins
  A goblin zombie (D:5)
  3 hobgoblin zombies (D:5)
  8 kobolds
  A kobold skeleton (D:5)
  An orc skeleton (D:5)
  23 rats
203 creatures vanquished.

Notes
Turn   | Place    | Note
-------+----------+-------------------------------------------
     0 | D:5      | petzl the Formicid Delver began the quest for the Orb.
     0 | D:5      | Reached XP level 1. HP: 18/18 MP: 1/1
    10 | D:6      | Noticed a sky beast
    10 | D:6      | Noticed a bullfrog
    51 | D:5      | Noticed a black bear
   124 | D:6      | Noticed a jelly
   231 | D:5      | Noticed a scorpion
   277 | D:5      | Noticed an iguana
   304 | D:6      | Noticed a jelly
   393 | D:5      | Noticed a phantom
   489 | D:4      | Reached skill level 1 in Spellcasting
   664 | D:1      | Reached XP level 2. HP: 24/24 MP: 4/4
   871 | D:1      | Got the Incunable of Misty Malisons
  1048 | D:2      | Found a faded altar of an unknown god.
  1086 | D:2      | Reached XP level 3. HP: 29/29 MP: 6/6
  1166 | D:2      | Found a broken altar of Ashenzari.
  1266 | D:2      | Reached XP level 4. HP: 35/35 MP: 8/8
  2043 | D:3      | Got the Writings on Necromancy and Heat
  2295 | D:4      | Found Zainked's Book Shop.
  2351 | D:4      | Reached XP level 5. HP: 41/41 MP: 10/10
  2537 | D:4      | Found a staircase to the Ecumenical Temple.
  2566 | Temple   | Entered the Ecumenical Temple
  2865 | Temple   | Became a worshipper of Vehumet
  3102 | D:4      | Reached skill level 1 in Ranged Weapons
  3102 | D:4      | Reached skill level 1 in Evocations
  3245 | D:5      | Noticed Menkaure
  3264 | D:4      | Noticed Edmund
  3354 | D:4      | Reached XP level 6. HP: 27/48 MP: 12/12
  3490 | D:4      | Bought the Encyclopedia of Minerals and the Blizzard for
                  | 280 gold pieces
  3494 | D:4      | Learned a level 3 spell: Ozocubu's Armour
  3500 | D:4      | Learned a level 5 spell: Freezing Cloud
  3720 | D:4      | Killed Edmund
  3721 | D:4      | Reached skill level 1 in Conjurations
  3721 | D:4      | Reached skill level 1 in Ice Magic
  3842 | D:5      | Reached XP level 7. HP: 54/54 MP: 13/13
  4074 | D:5      | Found a glowing golden altar of the Shining One.
  4241 | D:5      | Reached skill level 1 in Air Magic
  4455 | D:5      | Found a broken altar of Ashenzari.
  4668 | D:5      | Reached XP level 8. HP: 44/61 MP: 15/15
  4967 | D:5      | Noticed Grinder
  5634 | D:6      | Reached * piety under Vehumet
  5634 | D:6      | Offered knowledge of Magic Dart by Vehumet.
  5884 | D:6      | Reached ** piety under Vehumet
  6048 | D:6      | Reached skill level 5 in Spellcasting
  6065 | D:6      | Offered knowledge of Poisonous Vapours by Vehumet.
  6066 | D:6      | Reached skill level 5 in Fighting
  6069 | D:6      | Learned a level 2 spell: Poisonous Vapours
  6256 | D:7      | Reached XP level 9. HP: 49/68 MP: 16/16
  6527 | D:9      | Noticed a komodo dragon
  6528 | D:9      | Noticed a hornet
  6534 | D:9      | Killed a hornet
  6535 | D:9      | Reached skill level 1 in Staves
  6535 | D:9      | Reached skill level 1 in Poison Magic
  6566 | D:9      | Killed a komodo dragon
  6709 | D:9      | Found a staircase to the Lair.
  7039 | D:7      | Learned a level 3 spell: Mephitic Cloud
  7136 | D:7      | Found an opulent altar of Gozag.
  7155 | D:7      | Noticed a hornet
  7167 | D:7      | Killed a hornet
  7168 | D:7      | Reached skill level 5 in Ice Magic
  7180 | D:7      | HP: 3/69 [poisoned by a hornet]
  7411 | D:7      | Noticed Prince Ribbit
  7963 | D:8      | Noticed a two-headed ogre
  8162 | D:8      | Reached XP level 10. HP: 29/76 MP: 18/18
  8417 | D:8      | Noticed a two-headed ogre
  8419 | D:8      | Found a transporter.
  8571 | D:8      | Reached skill level 7 in Stealth
  8571 | D:8      | Reached skill level 5 in Conjurations
  9094 | D:8      | Found a transporter.
  9193 | D:10     | Entered Level 10 of the Dungeon
  9193 | D:10     | Found a portal to a secret trove of treasure.
  9258 | D:8      | Noticed an orange demon
  9260 | D:8      | Noticed Amaemon
  9916 | D:9      | Found a blossoming altar of Fedhas.
 10456 | D:10     | Noticed a skeletal warrior
 10564 | D:11     | Offered knowledge of Volatile Blastmotes by Vehumet.
 11009 | D:10     | Noticed a gargoyle
 11087 | Lair:1   | Entered Level 1 of the Lair of Beasts
 11095 | Lair:1   | Noticed a cane toad
 11109 | Lair:1   | Killed a cane toad
 11190 | Lair:1   | Reached skill level 5 in Air Magic
 11193 | Lair:1   | Reached XP level 11. HP: 36/81 MP: 10/20
 11209 | Lair:1   | Reached skill level 8 in Stealth
 11211 | Lair:1   | Reached skill level 5 in Poison Magic
 11348 | Lair:1   | Found a dark tunnel.
 11360 | Volcano  | Entered a volcano
 11362 | Volcano  | Noticed a two-headed ogre
 11372 | Volcano  | Reached *** piety under Vehumet
 11375 | Volcano  | Killed a two-headed ogre
 11618 | Volcano  | Noticed a salamander
 11624 | Volcano  | Killed a salamander
 12037 | Volcano  | Noticed a salamander
 12047 | Volcano  | Noticed a salamander
 12048 | Volcano  | Killed a salamander
 12203 | Volcano  | Mangled by a salamander

Illustrated notes

Levels and vault maps discovered:
D:1:      minmay_arrival_arboretum_small, layout_rooms, minmay_crystal_room
D:2:      minmay_evil_eye, layout_basic, basic_altar,
          hellmonk_ecumenical_altar_pennies_from_heaven, moated_statue
D:3:      layout_basic, columned_hall_lemuel
D:4:      layout_loops_ring, minmay_temple_entry_statues, serial_shops, shop,
          uniq_edmund
D:5:      layout_basic, nicolae_tso_besieged_by_evil,
          nicolae_ashenzari_skybound, uniq_menkaure, uniq_grinder
D:6:      lemuel_ratsnest, layout_rooms
D:7:      layout_basic, lemuel_round_altar, hangedman_decor_clover_reticule,
          uniq_prince_ribbit1
D:8:      gammafunk_beogh_shrine, layout_loops_corners, uniq_amaemon
D:9:      layout_small_grid, kennysheep_little_box, lair_entry_dummy
D:10:     minmay_the_grid_4x2 [minmay_the_grid_fan,
          minmay_the_grid_diamond_grid, minmay_the_grid_small_cups,
          minmay_the_grid_minigrid_medium, minmay_the_grid_garden,
          minmay_the_grid_mess, minmay_the_grid_empty,
          minmay_the_grid_prize_trominoes], layout_cave_pools,
          nicolae_overflow_squiral, hellmonk_ghost_big_iron, enter_trove_1,
          kennysheep_small_spiral
D:11:     layout_irregular_city
Temple:   minmay_temple_bridge_d
Lair:1:   layout_roguey, nicolae_volcano_entry_batcave, basic_altar,
          lemuel_fruit_fields
Volcano:  pf_volcano_lost_world

Skill      XL: |  1  2  3  4  5  6  7  8  9 10 11 |
---------------+----------------------------------+-----
Spellcasting   | 1 2 3 4 5 6 7 |  7.0
Ranged Weapons | 1 2 3 |  3.0
Evocations     | 1 2 |  2.0
Fighting       | 4 5 6 |  6.3
Conjurations   | 1 2 3 4 6 7 |  7.2
Ice Magic      | 1 2 4 5 6 7 |  7.8
Air Magic      | 1 2 3 5 6 |  6.1
Staves         | 1 |  1.4
Poison Magic   | 3 4 6 |  6.1
Stealth        | 7 8 |  8.7
Maces & Flails | |  2.0
Dodging        | |  1.7

Action                     |  1- 3 |  4- 6 |  7- 9 | 10-12 || total
---------------------------+-------+-------+-------+-------++-------
  Melee: Flail             |    88 |    31 |       |       ||   119
         Mace              |     7 |       |       |       ||     7
         Punch             |     1 |     1 |     8 |     1 ||    11
         Quarterstaff      |       |    25 |       |       ||    25
         Trident           |       |    22 |   226 |       ||   248
         Dire flail        |       |       |    13 |    18 ||    31
         Hand axe          |       |       |    36 |   128 ||   164
         Rapier            |       |       |     1 |       ||     1
         Whip              |       |       |       |     6 ||     6
   Fire: Sling             |       |    72 |    90 |       ||   162
         Shortbow          |       |       |     2 |    56 ||    58
   Cast: Ozocubu's Armour  |       |       |     2 |     6 ||     8
         Poisonous Vapours |       |       |     2 |     1 ||     3
         Mephitic Cloud    |       |       |       |    37 ||    37
         Freezing Cloud    |       |       |       |    17 ||    17
Ability: Dig               |       |       |       |     3 ||     3
  Evoke: Wand              |       |       |       |     3 ||     3
    Use: Scroll            |       |     8 |       |     3 ||    11
         Potion            |       |     2 |       |     3 ||     5
   Stab: Sleeping          |    11 |     2 |     2 |       ||    15
         Distracted        |       |     1 |       |     1 ||     2
         Confused          |       |       |       |    17 ||    17
 Armour: Leather armour    |    25 |     1 |       |       ||    26
         Ring mail         |       |    28 |    79 |    30 ||   137
  Dodge: Dodged            |   106 |   111 |   274 |   167 ||   658

Table legend: (Time is in decaauts)
 A = Elapsed time spent in this place.
 B = Non-inter-level travel time spent in this place.
 C = Inter-level travel time spent in this place.
 D = Time resting spent in this place.
 E = Time spent auto-exploring this place.
 F = Levels seen in this place.
 G = Mean time per level.
                   A        B        C        D        E       F      G
               +--------+--------+--------+--------+--------+-----+--------+
         Total |  12406 |  11480 |    926 |   3006 |   4012 |  14 |  886.1 |
       Dungeon |  10906 |  10126 |    780 |   2414 |   3798 |  11 |  991.5 |
        Temple |    370 |    224 |    146 |      0 |    214 |   1 |  370.0 |
          Lair |    278 |    278 |      0 |     82 |      0 |   1 |  278.0 |
       Volcano |    851 |    851 |      0 |    510 |      0 |   1 |  851.0 |
               +--------+--------+--------+--------+--------+-----+--------+

Top non-repeatable levels by time:
     D:5: 1919 daAuts
     D:8: 1658 daAuts
     D:4: 1369 daAuts
     D:9: 1275 daAuts
     D:7: 1202 daAuts
     D:6: 993 daAuts
 Volcano: 851 daAuts
     D:3: 748 daAuts
     D:2: 588 daAuts
     D:1: 527 daAuts
  Temple: 370 daAuts
    D:11: 341 daAuts
    D:10: 281 daAuts
  Lair:1: 278 daAuts
